Map: Mist Opportunities

Players

monk

  • Race: Protoss Protoss
  • Spawn Location: 6:00

sTkmonk

  • Race: Terran Terran
  • Spawn Location: 5:00

VOD

Have the link to the VOD?

Description

Time

  • Played on: Aug. 17, 2017, 3:31 a.m.
  • Length: 30:13
Show
View Real Time Build Order
Export as new Build Order

monk Protoss 

Build Orders:  

Get SALT Encoding   

  12  0:00  Probe (Chrono Boost)  
  13  0:12  Probe (Chrono Boost)  
  14  0:24  Probe (Chrono Boost)  
  15  1:04  Nexus  
  15  1:16  Pylon, Probe (Chrono Boost)  
  16  1:25  Assimilator  
  16  1:28  Probe (Chrono Boost)  
  17  1:40  Assimilator  
  17  1:41  Probe (Chrono Boost)  
  18  1:53  Probe (Chrono Boost)  
  19  2:04  Gateway  
  19  2:06  Probe (Chrono Boost)  
  20  2:18  Probe (Chrono Boost)  
  21  2:30  Probe (Chrono Boost)  
  22  2:42  Probe (Chrono Boost)  
  22  2:43  Probe (Chrono Boost)  
  24  2:54  Solar Efficiency Level 1, Probe (Chrono Boost)  
  24  2:55  Probe (Chrono Boost)  
  26  3:06  Probe (Chrono Boost)  
  26  3:09  Probe (Chrono Boost)  
  27  3:18  Sentinel (Chrono Boost), Probe (Chrono Boost)  
  28  3:21  Probe (Chrono Boost)  
  28  3:28  Probe (Chrono Boost)  
  32  3:35  Probe (Chrono Boost)  
  34  3:45  Sentinel, Probe (Chrono Boost)  
  34  3:48  Probe (Chrono Boost)  
  38  4:08  Pylon  
  38  4:09  Probe (Chrono Boost)  
  39  4:12  Probe (Chrono Boost)  
  40  4:21  Cybernetics Core  
  40  4:23  Probe (Chrono Boost)  
  40  4:24  Protoss Ground Weapons Level 1 (Chrono Boost), Forge  
  40  4:25  Probe (Chrono Boost)  
  42  4:35  Probe (Chrono Boost)  
  42  4:39  Probe (Chrono Boost)  
  43  4:49  Probe (Chrono Boost)  
  44  4:50  Assimilator  
  44  4:55  Probe (Chrono Boost)  
  44  4:57  Pylon  
  46  5:01  Probe (Chrono Boost)  
  46  5:08  Probe (Chrono Boost)  
  47  5:13  Probe (Chrono Boost)  
  47  5:19  Twilight Council  
  49  5:22  Robotics Facility  
  49  5:25  Probe (Chrono Boost)  
  50  5:32  Reconstruction  
  50  5:34  Protoss Ground Weapons Level 2 (Chrono Boost)  
  50  5:36  Assimilator, Probe (Chrono Boost)  
  50  5:37  Probe (Chrono Boost)  
  52  5:51  Probe (Chrono Boost)  
  52  5:56  Warp Gate  
  53  6:03  Probe (Chrono Boost)  
  53  6:05  Pylon  
  53  6:08  Immortal  
  54  6:11  Charge  
  54  6:18  Immortal  
  54  6:25  Gateway  
  54  6:27  Gateway  
  54  6:28  Reclamation  
  54  6:30  Gateway  
  54  6:31  Gateway  
  54  6:42  Gateway  
  62  7:21  Pylon  
  62  7:23  Energizer  
  64  7:31  Immortal  
  64  7:38  Sentinel  
  68  8:01  Energizer  
  68  8:02  Rapid Recharging, Protoss Ground Weapons Level 3 (Chrono Boost)  
  68  8:09  Sentinel  
  70  8:10  Sentinel  
  70  8:11  Sentinel  
  70  8:17  Sentinel  
  70  8:21  Sentinel  
  70  8:24  Pylon  
  70  8:27  Energizer x2  
  70  8:28  Pylon  
  70  8:29  Pylon  
  74  8:30  Sentinel x2  
  74  8:31  Sentinel  
  74  8:33  Pylon  
  74  8:36  Pylon  
  74  8:39  Sentinel  
  80  8:41  Sentinel x2  
  80  8:43  Immortal  
  76  8:51  Sentinel  
  76  8:55  Sentinel  
  76  8:56  Sentinel  
  76  8:59  Sentinel x3  
  86  9:12  Sentinel  
  86  9:13  Energizer x2, Sentinel  
  86  9:15  Sentinel  
  86  9:28  Sentinel x3  
  86  9:29  Sentinel  
  90  9:39  Immortal (Chrono Boost)  
  86  9:59  Energizer  
  86  10:01  Sentinel x4  
  94  10:12  Energizer  
  96  10:27  Sentinel x2  
  96  10:28  Sentinel  
  92  10:31  Sentinel  
  92  10:32  Sentinel x2  
  92  10:33  Sentinel x3  
  92  10:36  Sentinel  
  92  10:37  Pylon  
  92  10:39  Sentinel  
  102  10:47  Energizer  
  104  10:51  Pylon  
  104  10:58  Energizer x2  
  106  11:14  Energizer  
  106  11:15  Sentinel x4  
  106  11:16  Sentinel  
  118  11:28  Sentinel x2  
  118  11:33  Energizer, Sentinel  
  118  11:34  Energizer  
  118  11:38  Pylon  
  118  11:39  Sentinel x4  
  130  11:40  Sentinel  
  130  11:44  Sentinel  
  130  11:47  Sentinel  
  130  11:48  Sentinel  
  130  11:52  Immortal (Chrono Boost)  
  134  12:15  Sentinel  
  134  12:21  Pylon  
  134  12:22  Sentinel, Pylon  
  134  12:23  Energizer  
  134  12:24  Energizer  
  134  12:25  Pylon  
  134  12:26  Sentinel x4  
  134  12:27  Pylon  
  134  12:29  Sentinel  
  146  12:34  Sentinel  
  146  12:37  Photon Cannon  
  138  12:57  Sentinel  
  138  12:59  Sentinel  
  136  13:00  Sentinel  
  136  13:02  Energizer  
  136  13:03  Energizer x2  
  136  13:04  Sentinel x3, Pylon  
  136  13:05  Sentinel  
  136  13:06  Sentinel  
  146  13:10  Immortal (Chrono Boost), Pylon  
  140  13:35  Energizer x2  
  140  13:37  Sentinel x4  
  140  13:46  Sentinel  
  132  14:04  Energizer x2  
  132  14:05  Sentinel x4  
  144  14:13  Immortal (Chrono Boost)  
  144  14:25  Sentinel x2  
  144  14:26  Sentinel  
  144  14:27  Sentinel x2  
  144  14:28  Sentinel x2  
  144  14:29  Sentinel  
  146  14:30  Sentinel  
  146  14:31  Sentinel  
  146  14:34  Sentinel  
  146  14:42  Sentinel  
  146  14:43  Energizer  
  146  14:45  Gateway x2  
  150  14:51  Photon Cannon  
  150  14:52  Immortal (Chrono Boost)  
  146  15:05  Energizer  
  146  15:06  Sentinel  
  146  15:07  Sentinel x3  
  156  15:13  Pylon  
  156  15:17  Sentinel  
  156  15:18  Sentinel  
  156  15:22  Sentinel  
  156  15:25  Sentinel  
  156  15:34  Sentinel  
  156  15:35  Sentinel x3  
  156  15:36  Energizer x2, Pylon  
  156  15:37  Sentinel x2  
  166  15:41  Sentinel  
  166  15:44  Sentinel  
  166  15:45  Immortal (Chrono Boost)  
  165  15:50  Sentinel  
  165  15:53  Immortal (Chrono Boost)  
  165  15:54  Sentinel  
  165  15:56  Sentinel x2  
  167  16:04  Immortal (Chrono Boost)  
  167  16:11  Energizer  
  167  16:12  Sentinel x4  
  161  16:26  Sentinel x2  
  161  16:27  Energizer, Sentinel  
  161  16:28  Sentinel  
  155  16:33  Sentinel  
  155  16:34  Sentinel x6  
  155  16:35  Sentinel  
  163  16:41  Sentinel  
  163  16:44  Sentinel  
  167  16:51  Sentinel  
  167  16:54  Sentinel  
  167  16:57  Sentinel  
  161  17:00  Sentinel  
  161  17:06  Sentinel  
  161  17:07  Pylon  
  161  17:08  Energizer x2  
  157  17:10  Sentinel x4  
  159  17:20  Sentinel  
  159  17:21  Sentinel  
  159  17:22  Sentinel  
  159  17:27  Sentinel  
  151  17:30  Pylon  
  151  17:33  Sentinel  
  151  17:37  Energizer x2  
  151  17:38  Sentinel x5  
  161  17:59  Pylon  
  155  18:01  Enhanced Targeting  
  155  18:05  Sentinel x6  
  155  18:06  Sentinel x2  
  169  18:14  Sentinel  
  169  18:15  Sentinel  
  169  18:18  Sentinel, Solar Efficiency Level 2  
  169  18:40  Probe  
  170  18:59  Pylon  
  170  19:01  Sentinel  
  170  19:04  Sentinel  
  170  19:08  Shield Battery  
  170  19:10  Shield Battery  
  170  19:11  Energizer, Photon Cannon  
  170  19:12  Photon Cannon  
  170  19:14  Photon Cannon  
  172  19:27  Sentinel  
  172  19:30  Sentinel  
  172  19:33  Sentinel x2  
  172  19:37  Sentinel  
  163  20:03  Optimized Ordinance  
  157  20:12  Sentinel  
  157  20:15  Sentinel  
  151  20:33  Sentinel  
  151  20:34  Sentinel  
  151  20:35  Sentinel  
  151  20:39  Protoss Shields Level 1, Sentinel  
  151  20:47  Robotics Bay  
  151  20:49  Probe  
  150  21:01  Advanced Repair Systems  
  150  21:04  Probe  
  149  21:13  Phase Detonation  
  149  21:18  Pylon  
  149  21:31  Fortification Barrier  
  141  22:12  Pylon  
  141  22:15  Pylon  
  141  22:21  Shield Battery  
  141  22:22  Shield Battery  
  141  22:24  Shield Battery  
  141  22:26  Pylon  
  141  22:33  Protoss Ground Armor Level 1  
  141  22:39  Forge  
  141  22:48  Shield Battery, Solar Efficiency Level 3  
  141  22:49  Shield Battery  
  141  22:51  Shield Battery  
  141  22:53  Photon Cannon x2  
  141  22:56  Photon Cannon  
  141  22:57  Photon Cannon x2  
  141  23:00  Photon Cannon  
  141  23:01  Energizer  
  141  23:02  Protoss Shields Level 2  
  141  23:09  Shield Battery  
  141  23:13  Pylon  
  141  23:17  Photon Cannon  
  141  23:18  Photon Cannon  
  141  23:20  Photon Cannon  
  141  23:22  Photon Cannon  
  141  23:24  Photon Cannon  
  141  23:26  Photon Cannon  
  141  23:28  Shield Battery, Photon Cannon  
  141  23:29  Shield Battery  
  141  23:30  Shield Battery  
  141  23:32  Photon Cannon  
  141  23:33  Photon Cannon  
  141  23:37  Photon Cannon  
  141  23:48  Photon Cannon x2  
  141  24:09  Protoss Shields Level 3  
  141  24:14  Shield Battery  
  141  24:15  Shield Battery  
  141  24:17  Pylon  
  141  24:18  Protoss Ground Armor Level 2  
  141  24:25  Photon Cannon  
  141  24:27  Photon Cannon  
  141  24:40  Photon Cannon x2  
  141  24:43  Photon Cannon  
  141  25:12  Pylon  
  141  25:25  Photon Cannon  
  141  25:27  Photon Cannon  
  141  25:30  Photon Cannon  
  141  25:31  Pylon  
  141  25:44  Photon Cannon  
  141  25:49  Photon Cannon  
  139  25:56  Photon Cannon x2  
  139  26:00  Photon Cannon  
  139  26:23  Shield Battery  
  139  26:25  Shield Battery  
  139  26:47  Shield Battery, Photon Cannon  
  139  27:10  Photon Cannon x2  
  139  27:11  Photon Cannon  
  139  27:14  Photon Cannon  
  139  27:23  Photon Cannon  
  139  27:27  Photon Cannon  
  139  27:57  Photon Cannon  
  139  27:59  Photon Cannon  
  139  28:01  Photon Cannon  
Show
View Real Time Build Order
Export as new Build Order

sTkmonk Terran 

Build Orders:  

Get SALT Encoding   

Tags
 
Add a new tag
Caveats
  • Supply blocks, unpowered buildings, or Contaminate may cause inaccurate times.
  • Supply counts are checked every 10 seconds.